 Dungeon Crawl Stone Soup version 0.27-a0-1193-g8631133539 (webtiles) character file.

Game seed: 2651543479095837440

374 EnegeticOcto the Magician (level 7, 0/47 HPs)
             Began as a Djinni Earth Elementalist on May 25, 2021.
             Slain by a ball python (1 damage)
             ... in a sewer.
             The game lasted 00:08:41 (1266 turns).

EnegeticOcto the Magician (DjEE)                    Turns: 1266, Time: 00:08:42

Health: 0/47       AC:  6    Str:  7    XL:     7   Next: 3%
Gold:   38         EV:  9    Int: 18    God:
                   SH:  0    Dex: 14

rFire    + + .     SeeInvis .   d - +5 short sword (speed)
rCold    x . .     Faith    .   (no shield)
rNeg     . . .     Spirit   .   c - +0 robe
rPois    ∞         Reflect  .   h - +2 helmet
rElec    .         Harm     .   (no cloak)
rCorr    .         Rampage  .   i - +0 pair of gloves
Will     .....                  (boots unavailable)
Stlth    ++........             (no amulet)
HPRegen  0.15/turn              g - ring of wizardry
MPRegen  0.00/turn              (no ring)

@: mighty, flying, constricted
A: sickness immunity, fire resistance 2, cold vulnerability 1, float, innate
caster, hp casting, extra vitality 1
a: no special abilities


You were in a sewer.
You visited 1 branch of the dungeon, and saw 5 of its levels.
You also visited: Sewer.

You collected 38 gold pieces.

Inventory:

Hand Weapons
 d - a +5 short sword of speed (weapon)
   (You took it off a kobold on level 2 of the Dungeon)
Missiles
 e - 26 poisoned darts (quivered)
Armour
 c - a +0 robe (worn)
 h - a +2 helmet (worn)
   (You found it on level 3 of the Dungeon)
 i - a +0 pair of gloves (worn)
   (You found it on level 4 of the Dungeon)
Jewellery
 g - a ring of wizardry (left hand)
   (You found it on level 3 of the Dungeon)
Scrolls
 l - a scroll of teleportation {@r3 !r}
Potions
 a - a potion of magic {unknown}
 j - a potion of curing {unknown}
 k - a potion of haste {@q4 !q}


   Skills:
 + Level 1.2 Fighting
 - Level 2.1 Dodging
 - Level 1.5 Stealth
 - Level 5.5 Spellcasting


You couldn't memorise any spells.
You knew the following spells:

 Your Spells              Type           Power      Damage    Failure   Level
a - Sandblast             Erth           48%        2d12      1%          1
b - Stone Arrow           Conj/Erth      48%        3d10      1%          3
c - Petrify               Tmut/Erth      24%        N/A       5%          4
d - Lee's Rapid Deconstr  Erth           12%        3d9*      14%         5
e - Corona                Hex            26%        N/A       1%          1
f - Slow                  Hex            24%        N/A       1%          2
g - Call Canine Familiar  Summ           24%        N/A       1%          3
p - Passwall              Tmut/Erth      20%        N/A       1%          2
Your spell library was empty.

Dungeon Overview and Level Annotations

Branches:
Dungeon (5/15)              Sewer (1/1)
 Temple: D:4-7

Altars:


Innate Abilities, Weirdness & Mutations

You are immune to sickness and miasma.
You are immune to poison.
Your flesh is very heat resistant. (rF++)
You are vulnerable to cold. (rC-)
You float through the air rather than walking.
You learn spells naturally, not from books.
Your magical power is your life essence.
You have superior vitality. (+4 HP)


Message History

b - 2 stones
* * * LOW HITPOINT WARNING * * *
a - a metallic white potion
f - a white potion
j - a blue potion
k - a potion of haste {@q4 !q}
There is an open door here. 2 ball pythons and an adder come into view.
The adder hisses angrily.
The ball python hisses angrily.
You hear an angry hiss.
You hear a loud, deep croak!
A ball python comes into view.
A bullfrog comes into view.
An adder comes into view.
Casting: Sandblast (safe; 1% risk of failure)
Confirm with . or Enter, or press ? or * to list all spells.
Aiming: Sandblast (safe; 1% risk of failure)
Press: ? - help, Shift-Dir - straight line, f - adder
Aim: an adder (water, 68% to hit)
The blast of sand hits the adder!
You kill the adder!
b - a stone The adder hisses angrily.
The ball python bites you but does no damage.
The ball python barely misses you.
You have reached level 7!
The power to cast Call Canine Familiar wells up from within.
Spell assigned to 'g'.
Unknown command.
Casting: Sandblast (safe; 1% risk of failure)
Confirm with . or Enter, or press ? or * to list all spells.
The ball python misses you. The ball python closely misses you.
The ball python bites you but does no damage.
The ball python misses you.
Your hound barely misses the ball python.
The bullfrog hits you!
* * * LOW HITPOINT WARNING * * *
The ball python closely misses you. The ball python grabs you.
The ball python constricts you.
You escape the ball python's grasp.
You swap places.
Your hound bites the ball python.
The ball python dies!
The adder closely misses your hound. The bullfrog hits your hound.
Your hound bites the bullfrog.
Your Fighting skill increases to level 1!
Casting: Call Canine Familiar (safe; 1% risk of failure)
Confirm with . or Enter, or press ? or * to list all spells.
Aiming: Sandblast (safe; 1% risk of failure)
Press: ? - help, Shift-Dir - straight line, f - adder
Aim: an adder (68% to hit)
The blast of sand hits the adder!
You kill the adder!
You now have no stones remaining.
* * * LOW HITPOINT WARNING * * *
The bullfrog hits your hound!
A ball python comes into view.
Your hound splashes around in the water.
The ball python barely misses you. The ball python grabs you.
The ball python constricts you. The bullfrog hits your hound.
You closely miss the ball python.
Your hound bites the bullfrog.
The bullfrog closely misses your hound.
The ball python bites you but does no damage.
The ball python constricts you.
You hit the ball python.
You kill the ball python!
Your hound splashes around in the water.
The bullfrog closely misses your hound.
Your hound bites the bullfrog.
The bullfrog hits your hound.
Your hound bites the bullfrog.
The bullfrog hits your hound.
Your hound dies!
Your hound's corpse disappears in a puff of smoke!
Casting: Sandblast (safe; 1% risk of failure)
Confirm with . or Enter, or press ? or * to list all spells.
You don't have any stones to cast with.
It was a potion of might.
You feel very mighty all of a sudden.
The ball python barely misses you. x2; The bullfrog misses you.
Okay, then.
You barely miss the bullfrog.
The bullfrog is heavily wounded.
The ball python closely misses you. The ball python misses you.
The bullfrog hits you.
* * * LOW HITPOINT WARNING * * *
You closely miss the bullfrog.
The bullfrog is heavily wounded.
The ball python bites you but does no damage.
The ball python grabs you. The ball python constricts you.
The bullfrog misses you.
The ball python hisses angrily.
You puncture the bullfrog!
The bullfrog is almost dead.
The bullfrog hits you but does no damage.
The ball python closely misses you.
* * * LOW HITPOINT WARNING * * *
The ball python constricts you.
You closely miss the bullfrog.
The bullfrog is almost dead.
The bullfrog hits you.
* * * LOW HITPOINT WARNING * * *
The ball python closely misses you. x2
You die...

#...##### #....'..#
#....#..# ##...####
#....##################
#......≈≈≈≈≈≈≈≈≈≈≈≈≈≈≈#.
##....≈≈≈≈≈≈≈≈≈≈≈≈≈≈≈≈.S
#....≈≈≈S≈≈≈≈≈≈≈≈≈≈≈≈..
#....≈≈@S≈≈≈#≈≈≈≈≈≈≈≈..
##....≈≈F≈≈≈≈..≈#≈≈≈≈≈.
###..≈≈≈≈≈≈≈≈≈≈≈≈≈≈≈#.
###################


You could see a bullfrog and 2 ball pythons.

Vanquished Creatures
  A howler monkey (D:4)
  A jelly (D:4)
  A hound (D:4)
  A gnoll shaman (D:4)
  A howler monkey skeleton (D:4)
  8 adders
  11 river rats (Sewer)
  A shadow imp (D:4)
  2 worms
  A dart slug (D:4)
  11 ball pythons
  A bat (D:3)
  An endoplasm (D:3)
  A giant cockroach (D:4)
  2 goblins (D:4)
  A hobgoblin (D:4)
  3 jackals
  3 kobolds
  2 quokkas
  2 frilled lizards (Sewer)
  19 rats
74 creatures vanquished.

Vanquished Creatures (collateral kills)
  A ball python (Sewer)
1 creature vanquished.

Grand Total: 75 creatures vanquished

Notes
Turn   | Place    | Note
-------+----------+-------------------------------------------
     0 | D:1      | EnegeticOcto the Djinni Earth Elementalist began the quest
                  | for the Orb.
     0 | D:1      | Reached XP level 1. HP: 15/15 MP: 0/0
   134 | D:3      | Reached XP level 2. HP: 17/21 MP: 0/0
   198 | D:4      | Reached skill level 3 in Spellcasting
   198 | D:4      | Reached XP level 3. HP: 19/25 MP: 0/0
   198 | D:4      | Learned a level 1 spell: Corona
   262 | D:4      | Reached XP level 4. HP: 20/31 MP: 0/0
   274 | D:4      | Reached skill level 4 in Spellcasting
   406 | D:5      | Entered Level 5 of the Dungeon
   468 | D:4      | Reached XP level 5. HP: 34/35 MP: 0/0
   468 | D:4      | Learned a level 2 spell: Slow
   687 | D:4      | Reached XP level 6. HP: 15/40 MP: 0/0
   779 | D:4      | Found a glowing drain.
   806 | Sewer    | Entered a sewer
   825 | Sewer    | Reached skill level 5 in Spellcasting
  1178 | Sewer    | HP: 2/40 [rat (3)]
  1253 | Sewer    | Reached XP level 7. HP: 18/46 MP: 0/0
  1253 | Sewer    | Learned a level 3 spell: Call Canine Familiar
  1257 | Sewer    | Reached skill level 1 in Fighting
  1266 | Sewer    | HP: 1/47 [bullfrog (6)]
  1266 | Sewer    | Slain by a ball python

Illustrated notes

Levels and vault maps discovered:
D:1:      evilmike_arrival_crescent, layout_basic,
          hellmonk_ecumenical_altar_pennies_from_heaven
D:2:      layout_basic
D:3:      layout_basic, ebering_ghost_inner_flame, uniq_robin, uniq_terence,
          uniq_ijyb
D:4:      layout_basic, portal_sewer_entry_b, hangedman_minor_gate_pass
D:5:      layout_basic, lemuel_temple_firewalk_b, kennysheep_generic_room_2
Sewer:    sewer_minmay_w

Skill      XL: |  1  2  3  4  5  6  7 |
---------------+----------------------+-----
Spellcasting   | 3 4 5 |  5.5
Fighting       | 1 |  1.2
Dodging        | |  2.1
Stealth        | |  1.5

Action                   |  1- 3 |  4- 6 |  7- 9 || total
-------------------------+-------+-------+-------++-------
Melee: Short sword       |     3 |    47 |     6 ||    56
Throw: Dart              |       |     4 |       ||     4
 Cast: Sandblast         |    16 |    74 |     1 ||    91
       Passwall          |     1 |       |       ||     1
       Stone Arrow       |       |     2 |       ||     2
       Call Canine Famil |       |       |     1 ||     1
  Use: Potion            |       |     5 |     1 ||     6
       Scroll            |       |    10 |       ||    10
 Stab: Sleeping          |     1 |       |       ||     1
Armor: Skin              |       |     9 |       ||     9
       Robe              |       |    14 |     4 ||    18
Dodge: Dodged            |     6 |    33 |    14 ||    53

Table legend: (Time is in decaauts)
 A = Elapsed time spent in this place.
 B = Non-inter-level travel time spent in this place.
 C = Inter-level travel time spent in this place.
 D = Time resting spent in this place.
 E = Time spent auto-exploring this place.
 F = Levels seen in this place.
 G = Mean time per level.
                   A        B        C        D        E       F      G
               +--------+--------+--------+--------+--------+-----+--------+
         Total |   1298 |   1281 |     17 |      0 |      0 |   6 |  216.3 |
       Dungeon |    813 |    796 |     17 |      0 |      0 |   5 |  162.6 |
         Sewer |    485 |    485 |      0 |      0 |      0 |   1 |  485.0 |
               +--------+--------+--------+--------+--------+-----+--------+

Top non-repeatable levels by time:
     D:4: 569 daAuts
   Sewer: 485 daAuts
     D:3: 121 daAuts
     D:2: 98 daAuts
     D:1: 22 daAuts
     D:5: 1 daAuts
